Map: Cactus Valley LE (Void)

Players

Pseudorandom

Blade - Winner!

  • Race: Zerg Zerg

VOD

http://www.twitch.tv/pseudorandom63/b/646849655

Description

Time

  • Played on: April 6, 2015, 11:02 p.m.
  • Length: 4:50
Show
View Real Time Build Order
Export as new Build Order

Pseudorandom Zerg 

Build Orders: Pool First 

Get SALT Encoding   

  12  0:00  Drone  
  13  0:12  Drone  
  14  0:17  Extractor  
  14  0:21  Drone  
  14  0:36  Spawning Pool  
  14  0:38  Drone  
  14  0:48  Overlord  
  14  1:02  Drone, Extractor  
  15  1:22  Metabolic Boost  
  17  1:26  Zergling x2  
  17  1:28  Zergling x4  
  18  1:33  Queen  
  18  1:39  Drone  
  21  1:47  Overlord  
  21  2:12  Hatchery  
  20  2:18  Zergling x2  
  20  2:19  Zergling x2  
  22  2:28  Zergling x2  
  23  2:37  Zergling x2  
  24  2:47  Zergling x8  
  25  2:52  Zergling x2  
  26  3:04  Drone  
  27  3:09  Lair  
  26  3:15  Extractor  
  26  3:16  Drone  
  26  3:23  Overlord  
  23  3:45  Drone x2  
  23  3:46  Drone x2  
  27  3:48  Drone  
  27  3:49  Drone x2  
  29  3:58  Drone x2  
  29  4:02  Zergling x2  
  30  4:12  Zergling x4  
  32  4:21  Zergling x6  
  36  4:31  Zergling x6  
Show
View Real Time Build Order
Export as new Build Order

Blade Zerg - Winner!

Build Orders: Hatch First, Zergling Baneling 

Get SALT Encoding   

  12  0:00  Drone  
  13  0:14  Overlord  
  13  0:20  Drone  
  14  0:32  Drone  
  14  0:33  Drone  
  16  0:42  Drone  
  17  0:53  Drone  
  18  1:05  Drone  
  18  1:07  Hatchery  
  18  1:17  Drone  
  19  1:19  Extractor  
  18  1:28  Drone  
  18  1:29  Spawning Pool  
  18  1:32  Drone  
  19  1:48  Overlord  
  19  1:55  Drone  
  20  2:17  Queen  
  20  2:18  Zergling x4  
  20  2:20  Queen  
  20  2:21  Baneling Nest, Zergling x2  
  26  2:23  Zergling x2  
  27  2:47  Metabolic Boost  
  27  2:49  Drone x2  
  28  3:02  Overlord  
  28  3:04  Drone x2  
  30  3:07  Baneling x2  
  30  3:10  Drone x2  
  32  3:15  Overlord  
  32  3:19  Zergling x2  
  33  3:27  Zergling x2  
  30  3:35  Zergling x6  
  30  3:36  Zergling x4  
  30  3:37  Zergling x4  
  35  3:44  Zergling x4  
  32  4:03  Zergling x4  
  32  4:04  Queen  
  36  4:11  Zergling x6  
  39  4:23  Baneling x2  
  39  4:24  Baneling x6  
  39  4:29  Zergling x2  
Tags
 
Add a new tag
Caveats
  • Supply blocks, unpowered buildings, or Contaminate may cause inaccurate times.
  • Supply counts are checked every 10 seconds.